 Dungeon Crawl Stone Soup version 0.23.0-3-gf3c87f2 (webtiles) character file.

Game seed: 16611260298773164570

16714 xccam the Protected (level 12, -16/94 HPs)
             Began as a Gnoll Wanderer on Feb 20, 2019.
             Was the Champion of Cheibriados.
             Demolished by a skeletal warrior
             ... wielding a +0 trident
             ... led by a skeletal warrior
              (20 damage)
             ... on level 11 of the Dungeon.
             The game lasted 00:30:20 (11796 turns).

xccam the Protected (Gnoll Wanderer)               Turns: 11796, Time: 00:30:21

Health: -16/94     AC: 21    Str: 33    XL:     12   Next: 40%
Magic:  17/22      EV: 15    Int: 30    God:    Cheibriados [******]
Gold:   580        SH:  0    Dex: 31    Spells: 25/25 levels left

rFire    + . .     SeeInvis .   Q - +2 war axe (freeze)
rCold    . . .     Gourm    .   (no shield)
rNeg     + . .     Faith    .   H - +3 plate armour
rPois    +         Spirit   .   (no helmet)
rElec    .         Reflect  .   E - +0 cloak
rCorr    .         Harm     .   z - +0 pair of gloves
MR       +++..     Clarity  +   D - +0 pair of boots
Stlth    +.........             C - amulet of the Four Winds {rN+ MR+++ Clar}
HPRegen  0.25/turn              K - ring of poison resistance
MPRegen  0.18/turn              u - ring of protection from fire

@: very slow
A: distributed training, fangs 1, strong nose
a: Bend Time, Temporal Distortion, Slouch, Step From Time, Renounce Religion


You were on level 11 of the Dungeon.
You worshipped Cheibriados.
Cheibriados was exalted by your worship.
You were not hungry.

You visited 1 branch of the dungeon, and saw 11 of its levels.

You collected 804 gold pieces.
You spent 224 gold pieces at shops.

Inventory:

Hand Weapons
 y - a +2 war axe of chopping
 I - a +1 hand axe of flaming
 L - a +3 battleaxe
 Q - a +2 war axe of freezing (weapon)
Missiles
 q - 65 bolts
Armour
 z - a +0 pair of gloves (worn)
 D - a +0 pair of boots (worn)
 E - a +0 cloak (worn)
 F - the -4 pair of gloves of the Well-Known Lovers {+Fly rF+ Dex-5}
   (You found it on level 7 of the Dungeon)

   It affects your dexterity (-5).
   It protects you from fire.
   It lets you fly.
 H - a +3 plate armour (worn)
Jewellery
 i - an uncursed ring of resist corrosion
 l - an uncursed ring of protection from cold
 m - an uncursed ring of magical power
 p - an uncursed ring of flight
 t - an uncursed ring of protection from magic
 u - a ring of protection from fire (right hand)
 C - the amulet of the Four Winds (around neck) {rN+ MR+++ Clar}
   (You found it on level 7 of the Dungeon)

   [amulet of nothing]

   It protects you from negative energy.
   It affects your resistance to hostile enchantments.
   It protects you against confusion.
 J - an uncursed amulet of magic regeneration {unknown}
 K - a ring of poison resistance (left hand)
Wands
 c - a wand of iceblast (1)
 x - a wand of flame (58)
 N - a wand of polymorph (4)
Scrolls
 a - a scroll of immolation {unknown}
 b - a scroll of summoning {unknown}
 e - 5 scrolls of teleportation
 k - a scroll of fog {unknown}
 o - 5 scrolls of remove curse
 s - 4 scrolls of amnesia
 v - 3 scrolls of magic mapping
 G - 2 scrolls of vulnerability {unknown}
Potions
 d - 2 potions of invisibility
 g - a potion of magic
 h - a potion of resistance
 j - a potion of lignification
 n - 4 potions of flight
 r - a potion of cancellation
 w - 5 potions of mutation
 A - a potion of heal wounds
 B - 2 potions of might
 M - a potion of brilliance {unknown}
 P - a potion of curing
Comestibles
 f - 27 rations


   Skills:
 + Level 8.5 Fighting
 + Level 7.1 Short Blades
 + Level 8.5 Long Blades
 + Level 7.1 Axes
 + Level 7.1 Maces & Flails
 + Level 7.1 Polearms
 + Level 7.1 Staves
 + Level 7.1 Slings
 + Level 7.1 Bows
 + Level 7.6 Crossbows
 + Level 7.1 Throwing
 + Level 8.5 Armour
 + Level 7.1 Dodging
 + Level 8.3 Stealth
 + Level 7.6 Shields
 + Level 7.1 Unarmed Combat
 + Level 7.1 Spellcasting
 + Level 5.9 Conjurations
 + Level 5.9 Hexes
 + Level 5.9 Charms
 + Level 5.9 Summonings
 + Level 5.9 Necromancy
 + Level 5.9 Translocations
 + Level 5.9 Transmutations
 + Level 5.9 Fire Magic
 + Level 5.9 Ice Magic
 + Level 5.9 Air Magic
 + Level 5.9 Earth Magic
 + Level 5.9 Poison Magic
 + Level 7.8 Invocations
 + Level 7.1 Evocations


You had 25 spell levels left.
You didn't know any spells.
Your spell library contained the following spells:

 Spells                   Type           Power        Failure   Level  Hunger
 Confusing Touch          Hex            #####.       2%          1    None
 Magic Dart               Conj           ####         2%          1    None
 Sandblast                Erth           #####.       2%          1    None
 Blink                    Tloc           N/A          4%          2    None
 Call Imp                 Summ           #####...     4%          2    None
 Passwall                 Tmut/Erth      #####...     4%          2    None
 Slow                     Hex            #####...     4%          2    None
 Confuse                  Hex            #####...     9%          3    None
 Conjure Flame            Conj/Fire      #####...     9%          3    None
 Gell's Gravitas          Tloc           #####.....   9%          3    None
 Mephitic Cloud           Conj/Pois/Air  #####...     9%          3    None
 Stone Arrow              Conj/Erth      #####.       9%          3    None
 Petrify                  Tmut/Erth      #####...     26%         4    ##.....
 Lee's Rapid Deconstruct  Erth           #####.....   58%         5    ####...
 Metabolic Englaciation   Hex/Ice        #####.....   58%         5    ####...
 Yara's Violent Unravell  Hex/Tmut       #####.....   58%         5    ####...


Dungeon Overview and Level Annotations

Branches:
Dungeon (11/15)            Temple (0/1) D:7            Lair (0/6) D:11
    Orc (0/2) D:11

Altars:
Ashenzari
Cheibriados
Fedhas
Gozag
Nemelex Xobeh
Qazlal
Ru
Trog
Uskayaw
Vehumet
Xom
Zin
The Shining One

Shops:
D:11 !

Annotations:
D:11 Harold


Innate Abilities, Weirdness & Mutations

Your experience applies equally to all skills.
You have very sharp teeth.
Your uncanny sense of smell can sniff out nearby items.


Message History

* * * LOW HITPOINT WARNING * * *
The skeletal warrior barely misses you.
The skeletal warrior hits you but does no damage.
Unknown command.
Your plate armour prevents you from hitting the skeletal warrior.
Your bite misses the skeletal warrior.
The skeletal warrior is moderately damaged.
The skeletal warrior misses you. x2
Unknown command.
You barely miss the skeletal warrior.
The skeletal warrior is moderately damaged.
You hit the skeletal warrior.
The skeletal warrior hits you from afar with a +0 trident!
* * * LOW HITPOINT WARNING * * *
The skeletal warrior hits you but does no damage.
The skeletal warrior closely misses you.
The skeletal warrior hits you with a +0 scimitar!
* * * LOW HITPOINT WARNING * * *
The skeletal warrior hits you from afar with a +0 trident!!
You die...

####.## #z# ##
..#...### ##.# ..##
....##(.###..# #....
#.#####(()...##
#..... ..#
##)))...####..... .##
##.....(........ .
#..###.zz.#... #
##.## ###(z# ..
######..# #@z##..#
........### ##..#..#
####......### .....#
#...#....###....## ##
##..#...........#
..#8....###.......###
.#.....# ##.........
'..>.####....#....
.#....##....### ...


You could see 4 skeletal warriors.

Vanquished Creatures
  Snorg (D:11)
  Erolcha (D:10)
  The ghost of Hasart the Hand of Fortune, a journeyman DsFi of Nemelex Xobeh (D:10)
  4 two-headed ogres
  Nergalle (D:11)
  Pikel (D:4)
  A spectral centaur (D:10)
  A troll (D:10)
  2 queen bees (D:10)
  Grinder (D:3)
  2 hippogriffs
  2 wyverns
  3 yaks (D:11)
  3 hungry ghosts (D:11)
  4 fire bats (D:7)
  A fire elemental (D:7)
  Menkaure (D:7)
  Duvessa (D:5)
  An acid dragon (D:11)
  A water moccasin (D:7)
  4 sky beasts
  An ice beast (D:10)
  An eye of draining (D:11)
  5 orc warriors
  2 phantoms
  12 ogres
  2 centaurs
  2 big kobolds
  4 bullfrogs
  3 scorpions
  Dowan (D:5)
  47 killer bees
  8 wights
  A spectral bullfrog (D:10)
  5 howler monkeys
  4 bullfrog zombies
  3 crimson imps
  A quasit (D:7)
  7 hounds
  4 jellies
  Crazy Yiuf (D:7)
  10 orc wizards
  4 orc priests
  2 iguanas
  A bullfrog skeleton (D:4)
  3 worker ants
  A bullfrog simulacrum (D:10)
  2 hound skeletons
  A hound zombie (D:8)
  A howler monkey zombie (D:11)
  13 adders
  7 gnolls
  A howler monkey skeleton (D:7)
  An ooze (D:1)
  An adder skeleton (D:8)
  A worm (D:3)
  A dart slug (D:3)
  8 leopard geckos
  71 orcs
  7 bats
  4 giant cockroaches
  8 goblins
  23 hobgoblins
  7 jackals
  2 quokkas
  6 frilled lizards
  A jackal zombie (D:8)
  18 kobolds
  A quokka zombie (D:9)
  8 rats
365 creatures vanquished.

Vanquished Creatures (others)
  An adder skeleton (D:4)
  A giant cockroach (D:4)
  A leopard gecko skeleton (D:4)
3 creatures vanquished.

Grand Total: 368 creatures vanquished

Notes
Turn   | Place    | Note
-------+----------+-------------------------------------------
     0 | D:1      | xccam the Gnoll Wanderer began the quest for the Orb.
     0 | D:1      | xccam set off with the following items: a +2 dagger, a
                  | scroll of blinking, a +0 falchion, a potion of curing, a +0
                  | robe, a ration
     0 | D:1      | Reached XP level 1. HP: 20/20 MP: 1/1
   370 | D:1      | Reached XP level 2. HP: 12/26 MP: 2/2
   844 | D:1      | Reached XP level 3. HP: 30/31 MP: 3/3
  1135 | D:2      | Reached skill level 1 in Invocations
  1685 | D:2      | Found a blossoming altar of Fedhas.
  1730 | D:2      | Found a radiant altar of Vehumet.
  1778 | D:2      | Found a shattered altar of Ashenzari.
  1791 | D:2      | Reached skill level 1 in Short Blades
  1791 | D:2      | Reached skill level 1 in Axes
  1791 | D:2      | Reached skill level 1 in Maces & Flails
  1791 | D:2      | Reached skill level 1 in Polearms
  1791 | D:2      | Reached skill level 1 in Staves
  1791 | D:2      | Reached skill level 1 in Slings
  1791 | D:2      | Reached skill level 1 in Bows
  1791 | D:2      | Reached skill level 1 in Throwing
  1791 | D:2      | Reached skill level 1 in Dodging
  1791 | D:2      | Reached skill level 1 in Unarmed Combat
  1791 | D:2      | Reached skill level 1 in Spellcasting
  1791 | D:2      | Reached skill level 1 in Evocations
  1809 | D:2      | Reached XP level 4. HP: 32/38 MP: 5/5
  1833 | D:2      | Noticed a centaur
  1858 | D:2      | Killed a centaur
  1858 | D:2      | Reached skill level 1 in Conjurations
  1858 | D:2      | Reached skill level 1 in Hexes
  1858 | D:2      | Reached skill level 1 in Charms
  1858 | D:2      | Reached skill level 1 in Summonings
  1858 | D:2      | Reached skill level 1 in Necromancy
  1858 | D:2      | Reached skill level 1 in Translocations
  1858 | D:2      | Reached skill level 1 in Transmutations
  1858 | D:2      | Reached skill level 1 in Fire Magic
  1858 | D:2      | Reached skill level 1 in Ice Magic
  1858 | D:2      | Reached skill level 1 in Air Magic
  1858 | D:2      | Reached skill level 1 in Earth Magic
  1858 | D:2      | Reached skill level 1 in Poison Magic
  1858 | D:2      | Reached XP level 5. HP: 18/43 MP: 5/7
  2444 | D:3      | Found a snail-covered altar of Cheibriados.
  2465 | D:3      | Became a worshipper of Cheibriados the Contemplative
  2751 | D:3      | Found a sacrificial altar of Ru.
  2941 | D:3      | Noticed Grinder
  2953 | D:3      | Paralysed by Grinder for 5 turns
  3084 | D:3      | Killed Grinder
  3084 | D:3      | Reached skill level 5 in Fighting
  3084 | D:3      | Reached skill level 5 in Long Blades
  3084 | D:3      | Reached skill level 5 in Armour
  3084 | D:3      | Reached XP level 6. HP: 39/51 MP: 7/9
  3448 | D:4      | Reached * piety under Cheibriados
  3448 | D:4      | Reached XP level 7. HP: 43/56 MP: 10/10
  3532 | D:4      | Noticed Pikel
  3597 | D:4      | Killed Pikel
  3597 | D:4      | Reached skill level 5 in Stealth
  3597 | D:4      | Reached XP level 8. HP: 29/63 MP: 10/12
  4300 | D:4      | Found a stormy altar of Qazlal.
  4459 | D:5      | Entered Level 5 of the Dungeon
  4553 | D:5      | Noticed Dowan
  4588 | D:5      | Found a glowing golden altar of the Shining One.
  4589 | D:5      | Noticed Duvessa
  4595 | D:5      | Killed Dowan
  4601 | D:5      | Killed Duvessa
  5215 | D:6      | Reached ** piety under Cheibriados
  5272 | D:6      | Found a hide-covered altar of Uskayaw.
  5274 | D:6      | Found a glowing silver altar of Zin.
  5300 | D:6      | HP: 3/64 [poisoned by a worker ant]
  5307 | D:6      | Reached XP level 9. HP: 4/69 MP: 14/14
  5633 | D:6      | Found an opulent altar of Gozag.
  6207 | D:7      | Found a glowing silver altar of Zin.
  6317 | D:7      | Found a sparkling altar of Nemelex Xobeh.
  6329 | D:7      | Found a transporter.
  6352 | D:7      | Got a pitted ring mail
  6353 | D:7      | Identified the +3 ring mail of Ongerrih {rF- MR+ SInv} (You
                  | found it on level 7 of the Dungeon)
  6363 | D:7      | Noticed Menkaure
  6379 | D:7      | Killed Menkaure
  6386 | D:7      | Reached skill level 5 in Crossbows
  6386 | D:7      | Reached skill level 5 in Shields
  6564 | D:7      | Reached *** piety under Cheibriados
  6614 | D:7      | Found a staircase to the Ecumenical Temple.
  6616 | D:7      | Found the amulet of the Four Winds {rN+ MR+++ Clar}
  6913 | D:7      | Found a runed translucent door.
  6914 | D:7      | Noticed Crazy Yiuf
  6918 | D:7      | Killed Crazy Yiuf
  7067 | D:7      | Found a transporter.
  7107 | D:7      | Reached skill level 5 in Invocations
  7128 | D:7      | Reached XP level 10. HP: 34/77 MP: 15/17
  7132 | D:7      | Got a pair of transparent gloves
  7143 | D:7      | Identified the cursed -4 pair of gloves of the Well-Known
                  | Lovers {+Fly rF+ Dex-5} (You found it on level 7 of the
                  | Dungeon)
  7209 | D:7      | Found a shimmering altar of Xom.
  7212 | D:7      | Found a shimmering altar of Xom.
  7212 | D:7      | Found a shimmering altar of Xom.
  7212 | D:7      | Found a shimmering altar of Xom.
  7226 | D:7      | Found a shimmering altar of Xom.
  7226 | D:7      | Found a shimmering altar of Xom.
  7228 | D:7      | Found a shimmering altar of Xom.
  7506 | D:8      | Reached skill level 5 in Short Blades
  7506 | D:8      | Reached skill level 5 in Axes
  7506 | D:8      | Reached skill level 5 in Maces & Flails
  7506 | D:8      | Reached skill level 5 in Polearms
  7506 | D:8      | Reached skill level 5 in Staves
  7506 | D:8      | Reached skill level 5 in Slings
  7506 | D:8      | Reached skill level 5 in Bows
  7506 | D:8      | Reached skill level 5 in Throwing
  7506 | D:8      | Reached skill level 5 in Dodging
  7506 | D:8      | Reached skill level 5 in Unarmed Combat
  7506 | D:8      | Reached skill level 5 in Spellcasting
  7506 | D:8      | Reached skill level 5 in Evocations
  7511 | D:8      | Reached **** piety under Cheibriados
  7863 | D:8      | Noticed a two-headed ogre
  7868 | D:8      | Killed a two-headed ogre
  8144 | D:8      | Reached ***** piety under Cheibriados
  8326 | D:8      | Found a bloodstained altar of Trog.
  9273 | D:9      | Reached XP level 11. HP: 74/84 MP: 19/19
  9422 | D:10     | Entered Level 10 of the Dungeon
  9422 | D:10     | Noticed Erolcha
  9582 | D:10     | Killed Erolcha
  9640 | D:10     | Noticed a two-headed ogre
  9645 | D:10     | Killed a two-headed ogre
  9645 | D:10     | Reached skill level 5 in Conjurations
  9645 | D:10     | Reached skill level 5 in Hexes
  9645 | D:10     | Reached skill level 5 in Charms
  9645 | D:10     | Reached skill level 5 in Summonings
  9645 | D:10     | Reached skill level 5 in Necromancy
  9645 | D:10     | Reached skill level 5 in Translocations
  9645 | D:10     | Reached skill level 5 in Transmutations
  9645 | D:10     | Reached skill level 5 in Fire Magic
  9645 | D:10     | Reached skill level 5 in Ice Magic
  9645 | D:10     | Reached skill level 5 in Air Magic
  9645 | D:10     | Reached skill level 5 in Earth Magic
  9645 | D:10     | Reached skill level 5 in Poison Magic
  9711 | D:10     | Reached ****** piety under Cheibriados
 10824 | D:10     | Found a runed translucent gate.
 10824 | D:10     | Found a runed translucent gate.
 10824 | D:10     | Found a runed translucent gate.
 10824 | D:10     | Noticed Hasart's ghost (journeyman DsFi)
 10854 | D:10     | Killed Hasart's ghost
 11030 | D:11     | Reached XP level 12. HP: 93/93 MP: 22/22
 11105 | D:11     | Found a staircase to the Lair.
 11122 | D:11     | Noticed Nergalle
 11128 | D:11     | Killed Nergalle
 11129 | D:11     | Noticed Harold
 11144 | D:11     | Noticed Snorg
 11158 | D:11     | Noticed a two-headed ogre
 11163 | D:11     | Killed a two-headed ogre
 11167 | D:11     | Noticed a two-headed ogre
 11170 | D:11     | Killed a two-headed ogre
 11464 | D:11     | Found Xautuupp's Distillery.
 11470 | D:11     | Bought a potion of lignification for 42 gold pieces
 11470 | D:11     | Bought a potion of invisibility for 112 gold pieces
 11470 | D:11     | Bought a potion of heal wounds for 70 gold pieces
 11555 | D:11     | Found a staircase to the Orcish Mines.
 11595 | D:11     | Killed Snorg
 11796 | D:11     | HP: 4/94 [skeletal warrior/+0 scimitar[a skeletal warrior]
                  | (16)]
 11796 | D:11     | Demolished by a skeletal warrior

Skill      XL: |  1  2  3  4  5  6  7  8  9 10 11 12 |
---------------+-------------------------------------+-----
Invocations    | 1 2 3 4 5 6 7 |  7.8
Short Blades   | 1 2 3 4 5 6 7 |  7.1
Axes           | 1 2 3 4 5 6 7 |  7.1
Maces & Flails | 1 2 3 4 5 6 7 |  7.1
Polearms       | 1 2 3 4 5 6 7 |  7.1
Staves         | 1 2 3 4 5 6 7 |  7.1
Slings         | 1 2 3 4 5 6 7 |  7.1
Bows           | 1 2 3 4 5 6 7 |  7.1
Throwing       | 1 2 3 4 5 6 7 |  7.1
Dodging        | 1 2 3 4 5 6 7 |  7.1
Unarmed Combat | 1 2 3 4 5 6 7 |  7.1
Spellcasting   | 1 2 3 4 5 6 7 |  7.1
Evocations     | 1 2 3 4 5 6 7 |  7.1
Conjurations   | 1 2 3 4 5 |  5.9
Hexes          | 1 2 3 4 5 |  5.9
Charms         | 1 2 3 4 5 |  5.9
Summonings     | 1 2 3 4 5 |  5.9
Necromancy     | 1 2 3 4 5 |  5.9
Translocations | 1 2 3 4 5 |  5.9
Transmutations | 1 2 3 4 5 |  5.9
Fire Magic     | 1 2 3 4 5 |  5.9
Ice Magic      | 1 2 3 4 5 |  5.9
Air Magic      | 1 2 3 4 5 |  5.9
Earth Magic    | 1 2 3 4 5 |  5.9
Poison Magic   | 1 2 3 4 5 |  5.9
Crossbows      | 3 4 5 6 7 |  7.6
Shields        | 3 4 5 6 7 |  7.6
Fighting       | 5 6 7 8 |  8.5
Long Blades    | 5 6 7 8 |  8.5
Armour         | 5 6 7 8 |  8.5
Stealth        | 5 6 7 8 |  8.3

Action                   |  1- 3 |  4- 6 |  7- 9 | 10-12 || total
-------------------------+-------+-------+-------+-------++-------
Melee: Falchion          |   110 |   226 |   310 |       ||   646
       Dagger            |     2 |       |       |       ||     2
       Bite              |    13 |    18 |    69 |   117 ||   217
       Unarmed           |       |     9 |       |       ||     9
       Punch             |       |     1 |     8 |    21 ||    30
       War axe           |       |       |    44 |   572 ||   616
Invok: Slouch            |       |       |       |     1 ||     1
Evoke: Wand              |       |       |     9 |    20 ||    29
  Use: Scroll            |     7 |       |     5 |     8 ||    20
       Potion            |       |     4 |     4 |     5 ||    13
 Stab: Sleeping          |     5 |     2 |       |       ||     7
  Eat: Chunk             |     3 |     6 |     5 |     9 ||    23
       Ration            |       |       |     1 |     3 ||     4
Armor: Robe              |     7 |       |       |       ||     7
       Ring mail         |    35 |    25 |       |       ||    60
       Chain mail        |       |    74 |   185 |    46 ||   305
       Skin              |       |    24 |    24 |       ||    48
       Plate armour      |       |       |       |   389 ||   389
Dodge: Dodged            |    92 |    67 |   183 |   577 ||   919
       Rpst.: Falchion   |    32 |    18 |    43 |       ||    93
